 Dungeon Crawl Stone Soup version 0.20.1-1-g8b1a95d (webtiles) character file.

98 Dracocage the Skirmisher (level 4, -1/41 HPs)
             Began as a Minotaur Abyssal Knight on Nov 1, 2017.
             Was a Believer of Lugonu.
             Slain by an orc wizard
             ... wielding a +0 dagger
              (3 damage)
             ... on level 3 of the Dungeon.
             The game lasted 00:18:12 (2509 turns).

Dracocage the Skirmisher (Minotaur Abyssal Knight)  Turns: 2509, Time: 00:18:14

Health: -1/41      AC:  5    Str: 18    XL:     4   Next: 44%
Magic:  4/4        EV: 10    Int:  9    God:    Lugonu [**....]
Gold:   81         SH:  0    Dex:  9    Spells: 3/3 levels left

rFire    . . .     SeeInvis .   a - +1 hand axe
rCold    . . .     Gourm    .   (no shield)
rNeg     . . .     Faith    .   k - +0 ring mail
rPois    .         Spirit   .   (helmet restricted)
rElec    .         Reflect  .   (no cloak)
rCorr    .         Harm     .   (no gloves)
MR       .....                  (no boots)
Stlth    ..........             (no amulet)
Regen    0.2/turn               (no ring)
MPRegen  0.1/turn               (no ring)

@: slowed, very slow
A: retaliatory headbutt, horns 2
a: Depart the Abyss, Bend Space, Renounce Religion


You were on level 3 of the Dungeon.
You worshipped Lugonu.
Lugonu was pleased with you.
You were not hungry.

You visited 1 branch of the dungeon, and saw 3 of its levels.
You visited the Abyss 1 time.

You collected 81 gold pieces.

Inventory:

Hand Weapons
 a - a +1 hand axe (weapon)
Armour
 d - a +0 buckler
 g - a +0 buckler
 k - a +0 ring mail (worn)
Scrolls
 e - 2 scrolls of remove curse {unknown}
 h - 2 scrolls of identify {unknown}
Potions
 i - a potion of agility {unknown}
 j - a potion of invisibility {unknown}
Comestibles
 c - 4 chunks of flesh
 f - 2 bread rations


   Skills:
 + Level 4.4 Fighting
 * Level 3.7 Axes
 - Level 2.4 Armour
 - Level 1.1 Dodging
 * Level 3.2 Shields
 - Level 1.7 Invocations


You had 3 spell levels left.
You didn't know any spells.

Dungeon Overview and Level Annotations

Branches:
Dungeon (3/15)

Altars:
Yredelemnul


Innate Abilities, Weirdness & Mutations

You reflexively headbutt those who attack you in melee.
You have a pair of horns on your head.


Message History

The orc wizard gestures at you while chanting.
The magic dart hits you! The orc wizard casts a spell at you.
The magic dart hits you!
The orc wizard mumbles some strange words.
The orc wizard blinks!
You see here a stone.
The orc wizard points at you and mumbles some strange words.
The magic dart hits you!
* * * LOW HITPOINT WARNING * * *
The orc wizard points at you and mumbles some strange words.
You resist with some effort. The orc wizard hits you with a dagger.
* * * LOW HITPOINT WARNING * * *
You closely miss the orc wizard.
The orc wizard is almost dead.
The orc wizard casts a spell at you. The magic dart hits you!
* * * LOW HITPOINT WARNING * * *
The orc wizard hits you with a dagger.
You die...

###..................
.....................
...#................
+.................$
#...........<......
#.....!...........
#..o......?......#
#...@...........#
##..#...()#.....##
#....#.(#.#######
##.#.#....#
#.....#..######
###....###......######
.............###...<..#
...##....).......####.#
## #######...##...##.##


You could see an orc wizard.

Vanquished Creatures
  2 adders (D:3)
  A worm (D:2)
  A dart slug (D:2)
  5 leopard geckos
  3 orcs (D:3)
  6 giant cockroaches (D:2)
  13 goblins
  2 hobgoblins
  9 kobolds
  3 quokkas (D:2)
  7 bats
  5 frilled lizards
  5 rats
62 creatures vanquished.

Notes
Turn   | Place    | Note
-------+----------+-------------------------------------------
     0 | Abyss:1  | Dracocage the Minotaur Abyssal Knight began the quest for the Orb.
     0 | Abyss:1  | Reached XP level 1. HP: 19/19 MP: 1/1
    16 | D:1      | Escaped the Abyss
   201 | D:1      | Reached skill level 1 in Shields
   310 | D:1      | Reached XP level 2. HP: 19/27 MP: 2/2
   638 | D:1      | Reached skill level 4 in Fighting
   788 | D:1      | Reached ** piety under Lugonu
  1401 | D:2      | Reached XP level 3. HP: 33/33 MP: 3/3
  1599 | D:2      | Found a basalt altar of Yredelemnul.
  2269 | D:2      | Reached XP level 4. HP: 27/41 MP: 4/4
  2509 | D:3      | HP: 2/41 [orc wizard/magic dart (5)]
  2509 | D:3      | Slain by an orc wizard

Skill      XL: |  1  2  3  4 |
---------------+-------------+-----
Shields        | 1 2 3 |  3.2
Fighting       | 4 |  4.4
Axes           | 3 |  3.7
Armour         | |  2.4
Dodging        | |  1.1
Invocations    | |  1.7

Action                   |  1- 3 |  4- 6 || total
-------------------------+-------+-------++-------
Melee: Hand axe          |   133 |    26 ||   159
       Headbutt          |    17 |     5 ||    22
  Eat: Bread ration      |     1 |       ||     1
       Chunk             |       |     1 ||     1
Armor: Leather armour    |    33 |       ||    33
       Ring mail         |     4 |    16 ||    20
Dodge: Dodged            |    78 |    24 ||   102
